 Dungeon Crawl Stone Soup version 0.24.1-14-gf8d2b509d9 (webtiles) character file.

Game seed: 18023680595118506353, levelgen mode: deterministic

17308 cstieg1 the Covert (level 12, -5/51 HPs)
             Began as a Spriggan Enchanter on Mar 18, 2021.
             Was an Elder of Sif Muna.
             Slain by a slime creature (13 damage)
             ... on level 14 of the Dungeon.
             The game lasted 00:53:00 (15299 turns).

cstieg1 the Covert (Spriggan Enchanter)            Turns: 15299, Time: 00:53:00

Health: -5/51      AC:  5    Str:  4    XL:     12   Next: 17%
Magic:  0/28       EV: 25    Int: 23    God:    Sif Muna [****..]
Gold:   462        SH:  0    Dex: 17    Spells: 20/33 levels left

rFire    . . .     SeeInvis +   a - +7 mace "Kukkirau" {drain, rC+ Int+2}
rCold    + . .     Gourm    .   (shield restricted)
rNeg     . . .     Faith    .   G - +1 robe {MR+}
rPois    .         Spirit   +   (helmet restricted)
rElec    .         Reflect  .   (no cloak)
rCorr    .         Harm     .   (gloves unavailable)
MR       +++..                  (boots unavailable)
Stlth    +++++++...             l - amulet of guardian spirit
HPRegen  0.17/turn              u - +2 ring of protection
MPRegen  0.21/turn              N - ring of stealth

@: very quick
A: very small, unfitting armour, see invisible, herbivore, speed 3, slow
metabolism 2
a: Channel Magic, Forget Spell, Divine Exegesis, Renounce Religion


You were on level 14 of the Dungeon.
You worshipped Sif Muna.
Sif Muna was greatly pleased with you.
You were hungry.

You visited 2 branches of the dungeon, and saw 15 of its levels.

You collected 587 gold pieces.
You spent 125 gold pieces at shops.

Inventory:

Hand Weapons
 a - the +7 mace "Kukkirau" (weapon) {drain, rC+ Int+2}
   (You found it on level 6 of the Dungeon)

   A truly terrible weapon, it drains the life of those it strikes.
   It affects your intelligence (+2).
   It protects you from cold.
 b - a +2 dagger of venom
 w - a +5 long sword
Missiles
 h - 19 boomerangs
 M - 5 curare-tipped darts
 P - 16 poisoned darts (quivered)
 R - 8 datura-tipped darts
Armour
 G - a +1 robe of magic resistance (worn)
Magical Staves
 J - an uncursed staff of earth
Jewellery
 g - a +1 ring of protection
 l - an amulet of guardian spirit (around neck)
 u - a +2 ring of protection (left hand)
 K - a +3 ring of intelligence
 N - a ring of stealth (right hand)
Wands
 e - a wand of digging (6)
 p - a wand of flame (12)
 E - a wand of iceblast (4)
 L - a wand of clouds (3)
 O - a wand of enslavement (17)
 Q - a wand of paralysis (8)
 S - a wand of polymorph (9)
 V - a wand of random effects (20)
Scrolls
 f - 2 scrolls of enchant armour
 i - 9 scrolls of remove curse
 m - 4 scrolls of teleportation
 n - 3 scrolls of fear
 o - 3 scrolls of amnesia
 s - 2 scrolls of enchant weapon
 t - a scroll of blinking
 v - a scroll of acquirement {unknown}
 y - a scroll of magic mapping {unknown}
 A - a scroll of immolation
 F - a scroll of fog {unknown}
 H - a scroll of noise {unknown}
 U - 2 scrolls of summoning
Potions
 c - 3 potions of heal wounds
 j - 8 potions of curing
 k - 2 potions of brilliance
 q - a potion of agility
 r - 4 potions of invisibility
 x - 2 potions of mutation
 z - 3 potions of might
 B - 2 potions of haste
 C - 5 potions of flight
 D - a potion of cancellation {unknown}
 I - a potion of resistance
Miscellaneous
 T - a lamp of fire (inert)
Comestibles
 d - 9 rations


   Skills:
 + Level 6.9 Short Blades
 + Level 9.4 Dodging
 * Level 14.0 Stealth
 * Level 11.1 Spellcasting
 + Level 2.5 Conjurations
 * Level 11.3 Hexes
 - Level 5.0 Ice Magic
 + Level 0.8 Invocations
 + Level 7.4 Evocations


You had 20 spell levels left.
You knew the following spells:

 Your Spells              Type           Power        Failure   Level  Hunger
a - Corona                Hex            ######.      1%          1    None
b - Ensorcelled Hibernat  Hex/Ice        ######       1%          2    None
c - Confuse               Hex            ######..     1%          3    None
d - Tukima's Dance        Hex            ######..     1%          3    None
e - Animate Skeleton      Necr           N/A          4%          1    None
f - Dazzling Spray        Conj/Hex       #####.       1%          3    None

Your spell library contained the following spells:

 Spells                   Type           Power        Failure   Level  Hunger
 Pain                     Necr           ##..         4%          1    None
 Regeneration             Chrm/Necr      ##........   16%         3    None
 Vampiric Draining        Necr           ##........   16%         3    None
 Animate Dead             Necr           N/A          45%         4    None


Dungeon Overview and Level Annotations

Branches:
Dungeon (15/15)            Temple (1/1) D:6            Lair (0/6) D:10
    Orc (0/2) D:9
 Vaults: D:13-14     Depths: D:15

Altars:
Ashenzari
Cheibriados
Dithmenos
Elyvilon
Fedhas
Gozag
Hepliaklqana
Kikubaaqudgha
Makhleb
Nemelex Xobeh
Okawaru
Qazlal
Ru
Sif Muna
Trog
Uskayaw
Vehumet
Wu Jian
Xom
Yredelemnul
Zin
The Shining One

Shops:
D:4 (   D:5 *

Annotations:
D:3 2 transporters, Inshallah's ghost, amateur CeMo
D:11 exclusion: door


Innate Abilities, Weirdness & Mutations

You are very small and have problems with some larger weapons.
You are too small for most types of armour.
You have supernaturally acute eyesight. (SInv)
You are a herbivore.
You cover ground extremely quickly.
You need to consume almost no food.


Message History

The hippogriff pecks you. The hippogriff completely misses you.
Casting: Confuse (safe; 1% risk of failure)
Confirm with . or Enter, or press ? or * to list all spells.
Aiming: Ensorcelled Hibernation (safe; 1% risk of failure)
Press: ? - help, Shift-Dir - straight line, f/p - hippogriff
Aim: a hippogriff (almost dead, chance to defeat MR: 68%)
The hippogriff looks drowsy...
The slime creature is engulfed in blazing flames.
The slime creature hits you.
The helpless hippogriff fails to defend itself.
You thump the hippogriff!
You kill the hippogriff!
Sif Muna accepts your kill.
Your Stealth skill increases to level 14!
The very large slime creature hits you!!!
Ouch! That really hurt!
* * * LOW HITPOINT WARNING * * *
The slime creature is engulfed in blazing flames.
The slime creature hits you!
You die...

.. #...##............########.
...####'##.....................
.........'...(..(.(............
.........#..<..............(...
........##.....##.....##....##.
...##############.....##....##.
######...##...........(.........
+...............†§§§§...........
#..............@J....§☼.........
#.....>.>.......J...............
######...###+#####..##.####..###
##...#.....###+###.####..#
#....#.....#..........[...#
#....'.....#..............#
#....#.....#).............#
######.....#....##...##...
............#....##...# .#


You could see a very large slime creature and a slime creature.

Vanquished Creatures
  A tengu warrior (D:11)
  3 centaur warriors
  A deep elf knight (D:15)
  4 unseen horrors
  A deep troll (D:15)
  A deep elf mage (D:12)
  An elephant (D:10)
  A troll (D:9)
  A hornet (D:11)
  2 hippogriffs
  A slime creature (D:14)
  Sigmund (D:2)
  A wraith (D:9)
  A shadow (D:15)
  10 yaks (D:10)
  Eustachio (D:6)
  A human (D:7)
  A hungry ghost (D:15)
  4 hogs (D:7)
  A steam dragon (D:9)
  2 basilisks
  An acid dragon (D:12)
  Duvessa (D:5)
  2 orc warriors
  An ice beast (D:11)
  A sky beast (D:11)
  An eye of draining (D:11)
  5 phantoms
  3 ogres
  4 centaurs
  A crocodile (D:10)
  A big kobold (D:10)
  10 bullfrogs
  Dowan (D:5)
  A wyvern skeleton (D:9)
  4 scorpions
  12 killer bees
  A troll zombie (D:9)
  9 wights
  2 howler monkeys
  2 crimson imps
  2 quasits
  7 hounds
  A bullfrog zombie (D:10)
  2 jellies
  3 orc priests
  7 orc wizards
  A centaur skeleton (D:8)
  7 worker ants
  4 iguanas
  7 ogre zombies (D:9)
  A hound skeleton (D:11)
  A mummy (D:10)
  A howler monkey zombie (D:6)
  2 worker ant zombies (D:10)
  13 adders
  7 gnolls
  A shadow imp (D:10)
  3 adder zombies
  2 adder skeletons
  A worm (D:5)
  A dart slug (D:2)
  2 leopard geckos
  23 orcs
  2 ball pythons
  8 bats
  4 giant cockroaches
  3 goblins
  12 hobgoblins
  13 jackals
  3 quokkas
  2 frilled lizards
  3 goblin skeletons (D:9)
  4 goblin zombies (D:9)
  3 hobgoblin zombies (D:9)
  10 kobolds
  3 orc skeletons (D:9)
  12 orc zombies (D:9)
  6 rats
290 creatures vanquished.

Vanquished Creatures (collateral kills)
  3 two-headed ogres
  A deep elf mage (D:15)
  A wraith (D:9)
  An ogre (D:11)
6 creatures vanquished.

Vanquished Creatures (others)
  2 dancing weapons
  A vampire (D:15)
  A killer bee (D:9)
  A fungus (D:10)
  3 plants (D:10)
  A withered plant (D:10)
9 creatures vanquished.

Grand Total: 305 creatures vanquished

Notes
Turn   | Place    | Note
-------+----------+-------------------------------------------
     0 | D:1      | cstieg1 the Spriggan Enchanter began the quest for the Orb.
     0 | D:1      | Reached XP level 1. HP: 9/9 MP: 5/5
   496 | D:1      | Reached XP level 2. HP: 13/13 MP: 6/6
  1168 | D:1      | Learned a level 2 spell: Ensorcelled Hibernation
  1626 | D:2      | Found a shimmering altar of Xom.
  1728 | D:2      | Reached skill level 5 in Stealth
  1737 | D:2      | Reached XP level 3. HP: 14/16 MP: 8/8
  1742 | D:2      | Learned a level 3 spell: Confuse
  1885 | D:2      | Found a hazy altar of Hepliaklqana.
  2140 | D:2      | Reached XP level 4. HP: 21/21 MP: 5/10
  2188 | D:2      | Reached XP level 5. HP: 21/24 MP: 8/11
  2374 | D:2      | Noticed Sigmund
  2379 | D:2      | Killed Sigmund
  2379 | D:2      | Reached skill level 6 in Stealth
  2379 | D:2      | Reached skill level 5 in Hexes
  2379 | D:2      | Reached skill level 1 in Ice Magic
  2379 | D:2      | Reached XP level 6. HP: 28/28 MP: 11/13
  2968 | D:3      | Found a transporter.
  2969 | D:3      | Found a transporter.
  2974 | D:3      | Noticed Inshallah's ghost (amateur CeMo)
  3107 | D:3      | Learned a level 3 spell: Tukima's Dance
  3678 | D:4      | Found Upiciji's Antique Weapon Shop.
  4226 | D:4      | Reached skill level 7 in Stealth
  4226 | D:4      | Reached skill level 5 in Spellcasting
  4284 | D:4      | Reached XP level 7. HP: 21/32 MP: 10/15
  5074 | D:5      | Entered Level 5 of the Dungeon
  5081 | D:5      | Found Avij's Assorted Antiques.
  5102 | D:5      | Bought a scroll labeled JUUSUM INWIOWN for 25 gold pieces
  5102 | D:5      | Bought a shiny silver wand for 100 gold pieces
  5174 | D:5      | Found a hide-covered altar of Uskayaw.
  5345 | D:5      | Noticed Duvessa
  5355 | D:5      | Noticed Dowan
  5372 | D:5      | Killed Duvessa
  5372 | D:5      | Reached skill level 5 in Dodging
  5372 | D:5      | Reached skill level 1 in Evocations
  5396 | D:5      | Killed Dowan
  5436 | D:5      | Reached skill level 8 in Stealth
  5987 | D:6      | Reached XP level 8. HP: 33/36 MP: 13/18
  6176 | D:6      | Found an ornate altar of the Wu Jian Council.
  6213 | D:6      | Found a stormy altar of Qazlal.
  6220 | D:6      | Found a staircase to the Ecumenical Temple.
  6232 | Temple   | Entered the Ecumenical Temple
  6569 | Temple   | Became a worshipper of Sif Muna the Loreminder
  6633 | D:6      | Noticed Eustachio
  6641 | D:6      | Killed Eustachio
  6680 | D:6      | Found a snail-covered altar of Cheibriados.
  6684 | D:6      | Got an ancient mace
  6685 | D:6      | Identified the +7 mace "Kukkirau" {drain, rC+ Int+2} (You
                  | found it on level 6 of the Dungeon)
  7491 | D:7      | Reached skill level 9 in Stealth
  7636 | D:7      | Reached XP level 9. HP: 39/39 MP: 17/20
  7657 | D:7      | Found an opulent altar of Gozag.
  8056 | D:8      | Reached skill level 10 in Stealth
  8190 | D:8      | Found a blossoming altar of Fedhas.
  8225 | D:8      | Noticed a two-headed ogre
  8251 | D:8      | Reached * piety under Sif Muna
  8375 | D:8      | Killed a two-headed ogre
  8838 | D:9      | Noticed an unseen horror
  8840 | D:9      | Noticed a centaur warrior
  8841 | D:9      | Noticed a troll
  8857 | D:9      | Killed a centaur warrior
  8857 | D:9      | Reached skill level 5 in Short Blades
  8857 | D:9      | Reached skill level 11 in Stealth
  8857 | D:9      | Reached XP level 10. HP: 28/44 MP: 9/23
  8859 | D:10     | Entered Level 10 of the Dungeon
  9040 | D:10     | Found a staircase to the Lair.
  9179 | D:10     | Reached skill level 5 in Evocations
  9413 | D:10     | Learned a level 1 spell: Animate Skeleton
  9425 | D:10     | Noticed an unseen horror
  9430 | D:10     | Killed an unseen horror
  9583 | D:10     | Reached ** piety under Sif Muna
  9604 | D:10     | Reached skill level 12 in Stealth
  9642 | D:10     | Noticed an elephant
  9815 | D:10     | Learned a level 3 spell: Dazzling Spray
 10050 | D:10     | Killed an elephant
 10323 | D:10     | Found a basalt altar of Yredelemnul.
 10512 | D:9      | Found a shadowy altar of Dithmenos.
 10647 | D:9      | Reached skill level 10 in Hexes
 10680 | D:9      | Reached XP level 11. HP: 27/47 MP: 11/25
 10872 | D:9      | Reached *** piety under Sif Muna
 10976 | D:9      | Found a sparkling altar of Nemelex Xobeh.
 11816 | D:9      | Reached skill level 1 in Conjurations
 12607 | D:9      | Reached **** piety under Sif Muna
 12677 | D:9      | Reached skill level 10 in Spellcasting
 12985 | D:9      | Found a staircase to the Orcish Mines.
 13006 | D:9      | Killed an unseen horror
 13640 | D:11     | Noticed an unseen horror
 13677 | D:11     | Killed an unseen horror
 13677 | D:11     | Reached skill level 13 in Stealth
 13894 | D:11     | Noticed a tengu warrior
 13899 | D:11     | Killed a tengu warrior
 14085 | D:11     | Noticed a two-headed ogre
 14113 | D:11     | Killed a two-headed ogre
 14213 | D:11     | Noticed a fire giant
 14459 | D:12     | Noticed a deep elf mage
 14465 | D:12     | Killed a deep elf mage
 14675 | D:12     | You fall into a shaft and drop 3 floors!
 14675 | D:15     | Entered Level 15 of the Dungeon
 14676 | D:15     | Noticed an unseen horror
 14676 | D:15     | Noticed a deep elf knight
 14676 | D:15     | Killed an unseen horror
 14678 | D:15     | Killed a deep elf knight
 14689 | D:15     | Noticed a deep elf mage
 14689 | D:15     | Noticed a centaur warrior
 14691 | D:15     | Killed a centaur warrior
 14710 | D:15     | Noticed a two-headed ogre
 14731 | D:15     | Killed a two-headed ogre
 14731 | D:15     | Reached skill level 5 in Ice Magic
 14731 | D:15     | Reached XP level 12. HP: 51/51 MP: 14/27
 14920 | D:15     | Noticed a centaur warrior
 14925 | D:15     | Noticed a centaur warrior
 14933 | D:15     | Killed a centaur warrior
 15299 | D:14     | Reached skill level 14 in Stealth
 15299 | D:14     | Slain by a slime creature

Levels and vault maps discovered:
D:1:      grunt_arrival_lava_bath, layout_basic
D:2:      layout_loops_ring, xom_teletrap_fun, lemuel_crystal_altar,
          uniq_sigmund
D:3:      layout_basic, gammafunk_ghost_arena
D:4:      layout_loops_ring, serial_shops, nicolae_shop_statue_plus
D:5:      layout_basic, lemuel_doored_altar, serial_shops, shop, first_ration,
          uniq_duvessa
D:6:      layout_basic, lemuel_round_altar, lemuel_crystal_altar,
          lemuel_round_altar, temple_statues, uniq_eustachio
D:7:      layout_basic, old_standard_altar, grunt_livestock
D:8:      layout_cave_pods, kennysheep_mini
D:9:      layout_basic, nicolae_dithmenos_the_darkroom,
          nemelex_xobeh_ov_fountains_minmay, zombieorc2_lemuel, minivault_28
D:10:     layout_irregular_city, david_lair_generic, serial_undead,
          serial_undead_e, serial_undead_a, serial_undead_c, serial_undead_b,
          serial_undead_b, serial_undead_c, lemuel_statue_altar
D:11:     layout_loops_corners, kennysheep_just_a_vault
D:12:     layout_big_octagon, uniq_azrael
D:14:     cheibrodos_hippocracy, layout_gridville, skrybe_limestone_x,
          serial_shops, nicolae_shop_crystal, eino_jars
D:15:     hangedman_depths_entry_civil_slaughter, layout_loops_corners,
          minmay_the_grid_2x2 [minmay_the_grid_doors, minmay_the_grid_mess,
          minmay_the_grid_x, minmay_the_grid_prize_four_corners]
Temple:   minmay_temple_forest_path

Skill      XL: |  1  2  3  4  5  6  7  8  9 10 11 12 |
---------------+-------------------------------------+-----
Spellcasting   | 3 4 5 6 7 8 9 10 11 | 11.1
Hexes          | 4 5 6 7 8 10 11 | 11.3
Stealth        | 5 6 7 8 9 11 12 13 14 | 14.0
Short Blades   | 2 3 4 5 6 |  6.9
Dodging        | 4 5 6 7 8 9 |  9.4
Ice Magic      | 1 2 3 4 5 |  5.0
Evocations     | 1 3 4 5 7 |  7.4
Conjurations   | 2 |  2.5
Invocations    | |  0.8

Action                   |  1- 3 |  4- 6 |  7- 9 | 10-12 || total
-------------------------+-------+-------+-------+-------++-------
Melee: Dagger            |   106 |   102 |   240 |   372 ||   820
       Mace              |       |       |     5 |    96 ||   101
       Long sword        |       |       |       |   119 ||   119
Throw: Dart              |    13 |    30 |    60 |    85 ||   188
       Boomerang         |       |       |       |    40 ||    40
 Cast: Corona            |    20 |     6 |     6 |     3 ||    35
       Ensorcelled Hiber |     3 |     2 |    10 |    25 ||    40
       Confuse           |       |       |     7 |    19 ||    26
       Tukima's Dance    |       |       |     3 |    10 ||    13
       Dazzling Spray    |       |       |       |    49 ||    49
Evoke: Wand              |       |       |       |     9 ||     9
       Lamp of fire      |       |       |       |     1 ||     1
  Use: Scroll            |     6 |     3 |     6 |     9 ||    24
       Potion            |       |     1 |       |       ||     1
 Stab: Sleeping          |     9 |     3 |    23 |    40 ||    75
       Distracted        |       |     3 |     2 |     9 ||    14
       Confused          |       |       |     5 |    12 ||    17
       Invisible         |       |       |       |     3 ||     3
  Eat: Ration            |       |     1 |     1 |     4 ||     6
Armor: Robe              |    19 |    13 |    26 |    40 ||    98
Dodge: Dodged            |    94 |    79 |   180 |   581 ||   934
       Rpst.: Long sword |       |       |       |    26 ||    26
